 Dungeon Crawl Stone Soup version 0.30.1-3-gfc49f6343a (webtiles) character file.

Game seed: 760954683410979161

493 Peloso the Slasher (level 6, -1/56 HPs)
             Began as a Minotaur Fighter on Aug 1, 2023.
             Slain by an ice beast (8 damage)
             ... on level 6 of the Dungeon.
             The game lasted 00:05:49 (2415 turns).

Peloso the Slasher (Minotaur Fighter)               Turns: 2415, Time: 00:05:49

Health: -1/56      AC: 10    Str: 20    XL:     6   Next: 92%
Magic:  5/5        EV:  8    Int:  5    God:
Gold:   283        SH:  5    Dex: 12    Spells: 5/5 levels left

rFire   . . .        a - +0 long sword
rCold   . . .        d - +0 buckler
rNeg    . . .        c - +0 chain mail
rPois   .            (helmet restricted)
rElec   .            (no cloak)
rCorr   +            (no gloves)
SInv    .            (no boots)
Will    .....        (no amulet) Stlth
                     n - ring of resist corrosion
HPRegen 0.29/turn    (no ring)
MPRegen 0.09/turn

%: no passive effects
@: mighty, on berserk cooldown, slowed, very slow
A: horns 2, retaliatory headbutt
a: no special abilities


You were on level 6 of the Dungeon.
You visited 1 branch of the dungeon, and saw 5 of its levels.

You collected 283 gold pieces.

Inventory:

Hand Weapons
 a - a +0 long sword (weapon)
Armour
 b - a +0 scale mail
 c - a +0 chain mail (worn)
 d - a +0 buckler (worn)
Jewellery
 n - a ring of resist corrosion (left hand)
Scrolls
 f - 2 scrolls of fear
 h - a scroll of magic mapping {unknown}
 i - a scroll of identify {unknown}
 k - 2 scrolls of immolation {unknown}
 l - 2 scrolls of teleportation {unknown}
Potions
 g - a potion of berserk rage
 j - a potion of degeneration {unknown}
 m - a potion of attraction {unknown}
 o - a potion of might


   Skills:
 + Level 5.1 Fighting
 + Level 6.0 Long Blades
 + Level 5.8 Armour
 + Level 1.4 Dodging
 + Level 0.2 Stealth
 + Level 4.4 Shields


You had 5 spell levels left.
You didn't know any spells.
Your spell library contained the following spells:

 Spells                   Type           Power      Damage    Failure   Level
 Beastly Appendage        Tmut           0%         N/A       99%         1
 Wereblood                Tmut           0%         N/A       100%        2
 Spider Form              Tmut/Pois      0%         N/A       100%        3


Dungeon Overview and Level Annotations

Branches:
Dungeon (4/15)
 Temple: D:4-7

Altars:


Innate Abilities, Weirdness & Mutations

You have a pair of horns on your head.
You reflexively headbutt those who attack you in melee.


Message History

* * * LOW HITPOINT WARNING * * *
The orc hits you but does no damage. The gnoll barely misses you.
The gnoll hits you but does no damage.
You hit the gnoll.
The gnoll is almost dead.
You block the orc's attack.
The ice beast hits you but does no damage. x2
The orc hits you with a +0 club.
* * * LOW HITPOINT WARNING * * *
Unknown command.
The orc attacks as you move away! You block the orc's attack.
The gnoll completely misses you. The orc hits you but does no damage.
The orc attacks as you move away! The orc hits you but does no damage.
The gnoll hits you with a +0 whip.
* * * LOW HITPOINT WARNING * * *
The gnoll attacks as you move away! You block the gnoll's attack.
The orc attacks as you move away! The orc hits you but does no damage.
The gnoll attacks as you move away! The gnoll hits you but does no damage.
The orc hits you but does no damage. The gnoll hits you with a +0 whip.
* * * LOW HITPOINT WARNING * * *
The orc attacks as you move away! The orc hits you with a +0 club.
* * * LOW HITPOINT WARNING * * *
The orc hits you but does no damage. The gnoll barely misses you.
The gnoll attacks as you move away! You block the gnoll's attack.
The orc attacks as you move away! The orc hits you with a +0 club.
* * * LOW HITPOINT WARNING * * *
The gnoll hits you but does no damage. You block the gnoll's attack.
The orc misses you. You furiously retaliate!
You headbutt the orc!
You kill the orc!
The gnoll attacks as you move away! The gnoll hits you but does no damage.
You block the ice beast's attack. You block the ice beast's attack.
The gnoll hits you but does no damage. The ice beast barely misses you.
The gnoll hits you with a +0 whip.
* * * LOW HITPOINT WARNING * * *
The gnoll attacks as you move away! The gnoll barely misses you.
You furiously retaliate!
You headbutt the gnoll! The ice beast hits you.
* * * LOW HITPOINT WARNING * * *
The ice beast freezes you!
You die...

..............##..............
..........#####...............#
# .......####
##................### #....###
#.)...............##. #...##
##.................##. ...##
#....g.............#.. ..##
##..................... ..#
#...gggY............... .##
#.....@................ ..##
#.........##..........# ...##
###....#####..........# #...##
###### ###.......... ##...##
#####............
##...###########................
##...##.......................#
##....................>......#
##.........#####............#


You could see an ice beast and 4 gnolls.

Vanquished Creatures
  An orc warrior (D:6)
  An ice beast (D:3)
  A howler monkey (D:4)
  A hound (D:4)
  An orc priest (D:6)
  Jessica (D:3)
  2 orc wizards
  A gnoll (D:1)
  3 adders
  An ufetubus (D:4)
  3 worms
  A dart slug (D:4)
  6 orcs
  5 bats
  2 endoplasms
  4 giant cockroaches
  11 goblins
  6 hobgoblins
  3 jackals (D:4)
  8 kobolds
  5 quokkas (D:1)
  2 ball pythons
  4 frilled lizards
  7 rats
80 creatures vanquished.

Notes
Turn   | Place    | Note
-------+----------+-------------------------------------------
     0 | D:1      | Peloso the Minotaur Fighter began the quest for the Orb.
     0 | D:1      | Reached XP level 1. HP: 19/19 MP: 0/0
   205 | D:1      | Reached XP level 2. HP: 23/23 MP: 1/1
   572 | D:1      | Reached XP level 3. HP: 13/33 MP: 2/2
   777 | D:2      | Reached skill level 3 in Long Blades
  1236 | D:2      | Reached XP level 4. HP: 40/40 MP: 3/3
  1472 | D:3      | Noticed Jessica
  1484 | D:3      | Killed Jessica
  1687 | D:3      | Noticed an ice beast
  1693 | D:3      | Killed an ice beast
  1694 | D:3      | Reached skill level 4 in Long Blades
  1694 | D:3      | Reached skill level 5 in Armour
  1694 | D:3      | Reached skill level 1 in Dodging
  1694 | D:3      | Reached XP level 5. HP: 38/47 MP: 4/4
  1897 | D:4      | Reached skill level 5 in Long Blades
  1897 | D:4      | Reached XP level 6. HP: 52/53 MP: 5/5
  2197 | D:4      | You fall into a shaft and drop 2 floors!
  2322 | D:6      | Noticed an orc warrior
  2383 | D:6      | Noticed an ice beast
  2394 | D:6      | Killed an orc warrior
  2395 | D:6      | Reached skill level 5 in Fighting
  2398 | D:6      | Reached skill level 6 in Long Blades
  2415 | D:6      | Slain by an ice beast

Illustrated notes

Levels and vault maps discovered:
D:1:      dpeg_arrival_pits, layout_basic, grunt_decor_cap
D:2:      layout_basic, serial_bayou, serial_bayou_lake_a, serial_bayou_pond_a,
          serial_bayou_crossing, serial_bayou_shore_a, serial_bayou_pond_b,
          serial_bayou_pond_e, minmay_domino_4
D:3:      minmay_razor_zed, layout_basic, lemuel_round_altar,
          nicolae_overflow_hidden_temple, uniq_natasha, uniq_ijyb, uniq_jessica
D:4:      layout_basic, mainiacjoe_overflow_brackets, marbit_many_paths,
          minmay_temple_entry_statues_fountains, dreamdust_wishing_well,
          minmay_bent, uniq_grinder, uniq_robin
D:6:      layout_cave_pods, serial_shops, nicolae_shop_bloodbath_and_beyond,
          uniq_crazy_yiuf_cottage

Skill      XL: |  1  2  3  4  5  6 |
---------------+-------------------+-----
Armour         | 4 5 |  5.8
Fighting       | 4 5 |  5.1
Shields        | 4 |  4.4
Long Blades    | 3 4 5 6 |  6.0
Dodging        | 1 |  1.4
Stealth        | |  0.2

Action                     |  1- 3 |  4- 6 || total
---------------------------+-------+-------++-------
  Melee: Long sword        |   105 |    99 ||   204
         Headbutt          |    12 |    16 ||    28
    Use: Potion            |       |     4 ||     4
         Scroll            |       |     1 ||     1
 Armour: Scale mail        |    55 |    45 ||   100
         Chain mail        |       |    26 ||    26
  Dodge: Dodged            |    61 |    58 ||   119
  Block: Buckler           |    25 |    44 ||    69
